 Dungeon Crawl Stone Soup version 0.28-a0-94-g325244837d (webtiles) character file.

Game seed: 8822621817457133141

1068 Leeroy the Magician (level 8, -5/88 HPs)
             Began as a Djinni Warper on Aug 7, 2021.
             Slain by Menkaure (17 damage)
             ... on level 3 of the Dungeon.
             The game lasted 00:14:29 (8324 turns).

Leeroy the Magician (Djinni Warper)                 Turns: 8324, Time: 00:14:30

Health: -5/88      AC:  4    Str: 10    XL:     8   Next: 53%
Gold:   184        EV: 13    Int: 24    God:
                   SH:  0    Dex: 12

rFire   + + .      SeeInvis .   x - +1 rapier (speed)
rCold   x . .      Faith    .   (no shield)
rNeg    . . .      Spirit   .   b - +0 leather armour
rPois   ∞          Reflect  .   g - +0 helmet
rElec   .          Harm     .   (no cloak)
rCorr   .          Rampage  .   (no gloves)
Will    .....                   (boots unavailable)
Stlth   ..........              (no amulet)
HPRegen 0.24/turn               o - +6 ring of intelligence
MPRegen 0.00/turn               (no ring)

@: berserking, silenced, flying, very quick
A: sickness immunity, fire resistance 2, cold vulnerability 1, float, innate
caster, hp casting, extra vitality 1
a: no special abilities


You were on level 3 of the Dungeon.
You visited 1 branch of the dungeon, and saw 6 of its levels.

You collected 184 gold pieces.

Inventory:

Hand Weapons
 a - a +0 falchion
 e - a +1 rapier of chaos
 j - a +1 short sword of venom
 n - a +0 rapier
 p - a +0 whip of venom
 s - a +0 vorpal spear
 v - a +1 dagger of electrocution
 w - a +0 long sword
 x - a +1 rapier of speed (weapon)
 y - a +2 spear of distortion
 A - a +0 scimitar
 F - a +0 whip of venom
 G - a +1 whip of distortion
Missiles
 d - 5 boomerangs of dispersal (quivered)
 E - 18 poisoned darts
 K - 4 boomerangs
Armour
 b - a +0 leather armour (worn)
 g - a +0 helmet (worn)
Magical Staves
 z - a staff of fire
 B - a staff of air
Jewellery
 o - a +6 ring of intelligence (left hand)
Scrolls
 c - a scroll of blinking
 h - a scroll of enchant weapon {unknown}
 m - 2 scrolls of enchant armour {unknown}
 q - a scroll of magic mapping
 u - a scroll of silence
 C - 2 scrolls of teleportation {unknown}
 D - a scroll of amnesia {unknown}
 H - a scroll of acquirement {unknown}
Potions
 l - a potion of curing {unknown}
 r - a potion of lignification {unknown}
 I - a potion of might {unknown}
 J - a potion of attraction {unknown}


   Skills:
 + Level 5.2 Fighting
 - Level 3.1 Long Blades
 - Level 0.7 Throwing
 - Level 1.0 Armour
 - Level 5.0 Dodging
 - Level 5.3 Spellcasting


You couldn't memorise any spells.
You knew the following spells:

 Your Spells              Type           Power      Damage    Failure   Level
a - Blink                 Tloc           N/A        N/A       1%          2
b - Lesser Beckoning      Tloc           15%        N/A       4%          3
c - Gell's Gravitas       Tloc           15%        N/A       4%          3
d - Teleport Other        Tloc           31%        N/A       4%          3
e - Manifold Assault      Tloc           31%        N/A       36%         5
f - Beastly Appendage     Tmut           62%        N/A       1%          1
g - Corpse Rot            Necr/Air       N/A        N/A       1%          2
h - Mephitic Cloud        Conj/Pois/Air  31%        N/A       4%          3
Your spell library was empty.

Dungeon Overview and Level Annotations

Branches:
Dungeon (6/15)
 Temple: D:4-7

Altars:
Cheibriados
Dithmenos
Vehumet
The Shining One

Annotations:
D:3 Menkaure
D:5 Ijyb


Innate Abilities, Weirdness & Mutations

You are immune to sickness and miasma.
You are immune to poison.
Your flesh is very heat resistant. (rF++)
You are vulnerable to cold. (rC-)
You float through the air rather than walking.
You learn spells naturally, not from books.
Your magical power is your life essence.
You have superior vitality. (+4 HP)


Message History

You fly upwards.
There is a stone staircase leading down here.
Okay, then.
You feel much better.
Menkaure grins.
Menkaure hits you!!
* * * LOW HITPOINT WARNING * * *
You are confused.
You feel invigorated. Menkaure closely misses you.
You're too confused to cast spells.
You are too confused!
Okay, then.
You closely miss Menkaure. Menkaure completely misses you.
You bump into the rock wall.
Menkaure barely misses you. Menkaure closely misses you.
You bump into the rock wall.
Menkaure closely misses you.
You bump into the rock wall.
Menkaure barely misses you.
You're too confused to move!
Menkaure hits you!
You bump into the rock wall.
Menkaure closely misses you.
You barely miss Menkaure. Menkaure barely misses you.
You bump into the rock wall.
Menkaure hits you!!
* * * LOW HITPOINT WARNING * * *
You bump into the rock wall.
You feel less invigorated.
You feel less confused.
Menkaure points at you and mumbles some strange words.
You struggle to resist.
Menkaure points at you and mumbles some strange words.
Pain shoots through your body!
* * * LOW HITPOINT WARNING * * *
As you read the scroll labelled HIAZAU ITHRUSS, it crumbles to dust.
A profound silence engulfs you.
It was a scroll of silence.
Menkaure misses you.
It was a potion of flight.
You feel more buoyant. Menkaure closely misses you.
It was a potion of berserk rage.
A red film seems to cover your vision as you go berserk!
You feel yourself moving faster!
You feel mighty!
Menkaure is no longer moving quickly.
Menkaure hits you!
You die...

## .## ##### #########
..####...# #.M@....#
#.≈#...#.# #.#####.#
#.⌠#####.# #.# #.######
#.≈#####.#####)#####......#
..##÷.......).))......###.##
'##.####.#####.#...........#
.)..# #.......#.####.###..#
##.## #########.# #.#
#..###### ...# ####.####.#
#........


You could see Menkaure.

Vanquished Creatures
  The ghost of Leeroy the Magician, an amateur DjWr of Jiyva (D:3)
  Edmund (D:4)
  A black bear (D:5)
  2 ogres
  A kobold brigand (D:3)
  A centaur zombie (D:6)
  A hound (D:6)
  An orc priest (D:5)
  2 jellies
  A centaur skeleton (D:5)
  Jessica (D:3)
  A hound zombie (D:5)
  11 gnolls
  6 adders
  2 white imps (D:5)
  An ufetubus (D:6)
  A worm (D:3)
  A dart slug (D:2)
  13 orcs
  4 bats (D:1)
  10 endoplasms
  2 giant cockroaches (D:1)
  5 goblins
  5 hobgoblins
  4 jackals
  4 quokkas
  4 ball pythons
  4 frilled lizards
  A giant cockroach zombie (D:1)
  A jackal zombie (D:1)
  14 kobolds
  8 rats
115 creatures vanquished.

Vanquished Creatures (others)
  4 fungi (D:3)
4 creatures vanquished.

Grand Total: 119 creatures vanquished

Notes
Turn   | Place    | Note
-------+----------+-------------------------------------------
     0 | D:1      | Leeroy the Djinni Warper began the quest for the Orb.
     0 | D:1      | Reached XP level 1. HP: 18/18 MP: 0/0
   142 | D:1      | Reached XP level 2. HP: 4/23 MP: 0/0
   904 | D:1      | Reached XP level 3. HP: 16/28 MP: 0/0
   904 | D:1      | Learned a level 1 spell: Beastly Appendage
  1881 | D:1      | Reached XP level 4. HP: 32/33 MP: 0/0
  2477 | D:2      | Reached XP level 5. HP: 10/38 MP: 0/0
  2477 | D:2      | Learned a level 2 spell: Corpse Rot
  4352 | D:3      | Found a runed translucent gate.
  4352 | D:3      | Found a runed translucent gate.
  4352 | D:3      | Found a runed translucent gate.
  4354 | D:3      | Noticed a kobold brigand
  4354 | D:3      | Noticed Leeroy's ghost (amateur DjWr)
  4394 | D:3      | Reached XP level 6. HP: 41/43 MP: 0/0
  4516 | D:3      | Noticed Jessica
  4523 | D:3      | Killed Jessica
  5612 | D:4      | You are sucked into a shaft and drop 2 floors!
  5614 | D:6      | Found a snail-covered altar of Cheibriados.
  5676 | D:6      | Reached skill level 5 in Spellcasting
  5683 | D:6      | Noticed an ogre
  5820 | D:6      | Killed an ogre
  5821 | D:6      | Reached XP level 7. HP: 23/49 MP: 0/0
  5821 | D:6      | Learned a level 3 spell: Mephitic Cloud
  6107 | D:5      | Entered Level 5 of the Dungeon
  6554 | D:5      | Reached skill level 5 in Dodging
  6729 | D:5      | Reached XP level 8. HP: 45/55 MP: 0/0
  6972 | D:5      | Found a glowing golden altar of the Shining One.
  6972 | D:5      | Found a shadowy altar of Dithmenos.
  7014 | D:5      | Noticed Ijyb
  7594 | D:3      | Killed Leeroy's ghost
  7947 | D:4      | Noticed Edmund
  8271 | D:4      | Noticed Menkaure
  8284 | D:4      | Killed Edmund
  8285 | D:4      | Reached skill level 5 in Fighting
  8324 | D:3      | Slain by Menkaure

Illustrated notes

Levels and vault maps discovered:
D:1:      saegor_arrival_fortress, layout_loops_ring, serial_co_window_serial,
          co_window_paths_b, co_window_corner_a, co_window_paths_a,
          co_window_of_opportunity_a, co_window_cross_1, co_window_broadway_c,
          co_window_broadway_c, co_window_corner_ca, co_window_unsneaky_path_b,
          co_window_of_opportunity_b, glass_columns_c, glass_columns_a,
          glass_columns_b, glass_columns_c, glass_columns_b
D:2:      layout_basic
D:3:      layout_loops_ring, lemuel_tele_altar, gammafunk_ghost_nasty_kobolds,
          uniq_jessica
D:4:      layout_loops_ring, minmay_misc_feat_five, uniq_edmund, uniq_menkaure
D:5:      layout_rooms, amethyst_overflow_temple_binary, supply_closet_lemuel,
          patterned_corridor, uniq_ijyb
D:6:      layout_rooms, mainiacjoe_overflow_brackets, minivault_11,
          uniq_blork_the_orc

Skill      XL: |  1  2  3  4  5  6  7  8 |
---------------+-------------------------+-----
Long Blades    | 2 3 |  3.1
Spellcasting   | 3 4 5 |  5.3
Dodging        | 5 |  5.0
Fighting       | 5 |  5.2
Throwing       | |  0.7
Armour         | |  1.0

Action                   |  1- 3 |  4- 6 |  7- 9 || total
-------------------------+-------+-------+-------++-------
Melee: Falchion          |    71 |       |       ||    71
       Short sword       |    31 |   157 |       ||   188
       Headbutt          |       |     2 |       ||     2
       Rapier            |       |    35 |   173 ||   208
       Spear             |       |    11 |     7 ||    18
 Cast: Beastly Appendage |     2 |     5 |       ||     7
       Corpse Rot        |       |     4 |       ||     4
       Manifold Assault  |       |     3 |     3 ||     6
       Mephitic Cloud    |       |       |     7 ||     7
  Use: Scroll            |       |     1 |     4 ||     5
       Potion            |       |       |     5 ||     5
 Stab: Sleeping          |       |     1 |       ||     1
       Confused          |       |       |     8 ||     8
Armor: Leather armour    |    45 |    49 |    20 ||   114
Dodge: Dodged            |    67 |    97 |    76 ||   240
       Rpst.: Falchion   |    20 |       |       ||    20

Table legend: (Time is in decaauts)
 A = Elapsed time spent in this place.
 B = Non-inter-level travel time spent in this place.
 C = Inter-level travel time spent in this place.
 D = Time resting spent in this place.
 E = Time spent auto-exploring this place.
 F = Levels seen in this place.
 G = Mean time per level.
                   A        B        C        D        E       F      G
               +--------+--------+--------+--------+--------+-----+--------+
         Total |   8291 |   8071 |    220 |   1734 |   4969 |   6 | 1381.8 |
       Dungeon |   8291 |   8071 |    220 |   1734 |   4969 |   6 | 1381.8 |
               +--------+--------+--------+--------+--------+-----+--------+

Top non-repeatable levels by time:
     D:1: 2344 daAuts
     D:2: 2123 daAuts
     D:3: 1783 daAuts
     D:6: 838 daAuts
     D:4: 653 daAuts
     D:5: 547 daAuts
